 Dungeon Crawl Stone Soup version 0.29-a0-772-ga24da20 (webtiles) character file.

Game seed: 3312748634584479079

22 PurpleRed the Sneak (level 2, -2/17 HPs)
             Began as a Deep Elf Brigand on July 2, 2022.
             Slain by an endoplasm (3 damage)
             ... on level 1 of the Dungeon.
             The game lasted 00:01:33 (206 turns).

PurpleRed the Sneak (Deep Elf Brigand)               Turns: 206, Time: 00:01:33

Health: -2/17      AC:  6    Str:  8    XL:     2   Next: 68%
Magic:  7/7        EV: 10    Int: 15    God:
Gold:   22         SH:  0    Dex: 16    Spells: 6/6 levels left

rFire   . . .      SeeInvis .   a - +2 dagger
rCold   . . .      Faith    .   (no shield)
rNeg    . . .      Spirit   .   g - +0 ring mail
rPois   .          Reflect  .   (no helmet)
rElec   .          Harm     .   c - +0 cloak
rCorr   .          Rampage  .   (no gloves)
Will    .....                   (no boots)
Stlth   ++........              (no amulet)
HPRegen 0.05/turn               (no ring)
MPRegen 0.10/turn               (no ring)

@: flying, invisible
A: no striking features
a: no special abilities


You were on level 1 of the Dungeon.
You visited 1 branch of the dungeon, and saw 1 of its levels.

You collected 22 gold pieces.

Inventory:

Hand Weapons
 a - a +2 dagger (weapon)
Missiles
 d - 9 poisoned darts (quivered)
 e - 3 curare-tipped darts
Armour
 b - a +0 robe
 c - a +0 cloak (worn)
 g - a +0 ring mail (worn)
Scrolls
 i - a scroll of vulnerability {unknown}
 k - a scroll of enchant armour {unknown}
Potions
 j - a potion of ambrosia {unknown}


   Skills:
 + Level 2.0 Fighting
 - Level 2.0 Short Blades
 - Level 2.0 Throwing
 - Level 1.2 Dodging
 - Level 4.8 Stealth
 * Level 2.7 Spellcasting


You had 6 spell levels left.
You didn't know any spells.
Your spell library was empty.

Dungeon Overview and Level Annotations

Branches:
Dungeon (1/15)

Altars:


Message History

The ball python grabs you. The ball python constricts you.
You hit the ball python.
You kill the ball python!
Found 14 gold pieces.
Found a scroll labelled UGAWKYT RECEDD.
You now have 22 gold pieces (gained 14).
An endoplasm comes into view.
Found a glowing black potion.
Found 11 gold pieces.
Found a sling.
k - a scroll labelled UGAWKYT RECEDD
There are no items here.
Found 13 gold pieces.
Found a scroll of immolation.
Found a faded altar of an unknown god.
A goblin comes into view. It is wielding a +0 club.
The goblin shouts!
The endoplasm quivers.
You hit the endoplasm.
The endoplasm is lightly wounded.
The endoplasm freezes you.
You are frozen.
* * * LOW HITPOINT WARNING * * *
You hit the endoplasm.
The endoplasm is moderately wounded.
The endoplasm closely misses you.
You hit the endoplasm.
The endoplasm is heavily wounded.
The endoplasm hits you.
* * * LOW HITPOINT WARNING * * *
You hit the endoplasm but do no damage.
The endoplasm is heavily wounded.
The endoplasm barely misses you.
It was a potion of flight.
You feel very buoyant.
You fly up into the air.
The endoplasm hits you but does no damage.
It was a potion of invisibility.
You fade into invisibility!
The endoplasm hits you.
You die...

#... ...# .......##.)#
.... .$....# ########
#...#.....#####......###
.# ._...!+.... .....>...#.
#..#..#.....# #.........
.....#..#...### #.........
#.......#@....###.........
.......gJ#..#.............
...#...#....#####....[....
..$.....................†.
............#####......#..
############# #......###
##...### ##.... # #..#....


You could see an endoplasm and a goblin (unable to see you).

Vanquished Creatures
  3 ball pythons (D:1)
  4 endoplasms (D:1)
  4 goblins (D:1)
  2 hobgoblins (D:1)
  A kobold (D:1)
  A bat (D:1)
  2 frilled lizards (D:1)
  2 rats (D:1)
19 creatures vanquished.

Notes
Turn   | Place    | Note
-------+----------+-------------------------------------------
     0 | D:1      | PurpleRed the Deep Elf Brigand began the quest for the Orb.
     0 | D:1      | Reached XP level 1. HP: 12/12 MP: 3/3
    52 | D:1      | Reached skill level 1 in Spellcasting
    80 | D:1      | Reached XP level 2. HP: 12/17 MP: 6/6
   196 | D:1      | Found a faded altar of an unknown god.
   206 | D:1      | Slain by an endoplasm

Illustrated notes

Levels and vault maps discovered:
D:1:      nicolae_arrival_washed_ashore, layout_rooms,
          hellmonk_ecumenical_altar_blasted, minmay_quantized

Skill      XL: |  1  2 |
---------------+-------+-----
Spellcasting   | 1 2 |  2.7
Fighting       | 2 |  2.0
Short Blades   | |  2.0
Throwing       | |  2.0
Dodging        | |  1.2
Stealth        | |  4.8

Action                   || total
-------------------------++-------
Melee: Dagger            ||    50
       Punch             ||     1
Throw: Dart              ||     8
  Use: Potion            ||     2
Armor: Ring mail         ||     7
Dodge: Dodged            ||    20

Table legend: (Time is in decaauts)
 A = Elapsed time spent in this place.
 B = Non-inter-level travel time spent in this place.
 C = Inter-level travel time spent in this place.
 D = Time resting spent in this place.
 E = Time spent auto-exploring this place.
 F = Levels seen in this place.
 G = Mean time per level.
                   A        B        C        D        E       F      G
               +--------+--------+--------+--------+--------+-----+--------+
         Total |    200 |    200 |      0 |      0 |      0 |   1 |  200.0 |
       Dungeon |    200 |    200 |      0 |      0 |      0 |   1 |  200.0 |
               +--------+--------+--------+--------+--------+-----+--------+

Top non-repeatable levels by time:
     D:1: 200 daAuts
